 Dungeon Sprint DCSS version 0.22-a0-858-g985ef60 (webtiles) character file.

2200000 protoss039 the Middleweight Champion (level 21, -6/224 HPs)
             Began as a Ghoul Gladiator on July 27, 2018.
             Was a High Priest of Makhleb.
             Mangled by a destroyer
             ... wielding a +9 great sword of slicing
              (188 damage)
             ... in the Dungeon (Sprint VIII: "Arena of Blood").
             The game lasted 00:00:37 (22 turns).

protoss039 the Middleweight Champion (GhGl)           Turns: 22, Time: 00:00:38

Health: -6/224     AC:  8    Str: 21    XL:     21   Next: 57%
Magic:  20/37      EV: 32    Int:  3    God:    Makhleb [*****.]
Gold:   0          SH:  0    Dex: 17    Spells: 46/46 levels left

rFire    . . .     SeeInvis .   k - +∞ Axe of Woe
rCold    + . .     Gourm    .   (shield currently unavailable)
rNeg     + + +     Faith    .   a - +0 leather armour
rPois    ∞         Spirit   .   b - +0 helmet
rElec    .         Reflect  .   (no cloak)
rCorr    .         Harm     .   (no gloves)
MR       +....     NoTele   +   (no boots)
Stlth    +++++++...             (no amulet)
HPRegen  0.00/turn              (no ring)
MPRegen  0.25/turn              (no ring)

@: rotting
A: rotting body, claws 1, carnivore, cold resistance 1, negative energy
resistance 3, inhibited regeneration, torment resistance, unbreathing
a: Minor Destruction, Lesser Servant of Makhleb, Major Destruction, Greater
Servant of Makhleb, Renounce Religion


You were in the Dungeon.
You worshipped Makhleb.
Makhleb was extremely pleased with you.
You were not hungry.

You visited 1 branch

Inventory:

Hand Weapons
 k - the +∞ Axe of Woe (weapon)
   (You found it in the Dungeon)
Missiles
 c - 3 throwing nets (quivered)
Armour
 a - a +0 leather armour (worn)
 b - a +0 helmet (worn)
Scrolls
 j - a scroll of blinking
Potions
 e - a potion of curing
 f - a potion of heal wounds
 g - a potion of haste
 h - 2 potions of magic
 i - a potion of berserk rage
Comestibles
 d - a ration


   Skills:
 O Level 27 Fighting
 O Level 27 Axes
 O Level 27 Throwing
 O Level 27 Armour
 O Level 27 Dodging
 + Level 17.8 Stealth
 O Level 27 Unarmed Combat
 + Level 13.0 Spellcasting
 + Level 16.3 Invocations


You had 46 spell levels left.
You didn't know any spells.
Your spell library was empty.

Dungeon Overview and Level Annotations

Branches:
Dungeon (1/1)

Altars:
Makhleb


Innate Abilities, Weirdness & Mutations

Your body is rotting away.
You thrive on raw meat.
You are immune to poison.
You have sharp fingernails.
You are carnivorous and can eat meat at any time.
Your flesh is cold resistant. (rC+)
You are immune to negative energy. (rN+++)
You do not regenerate when monsters are visible.
You are immune to unholy pain and torment.
You can survive without breathing.


Message History

Your Spellcasting skill gained 3 levels and is now at level 11!
Your Invocations skill gained 3 levels and is now at level 14!
You slash the bag of meat!
You fatally mangle the bag of meat.
You kill the bag of meat!
Makhleb accepts your kill.
Your Stealth skill gained 2 levels and is now at level 17!
Your Spellcasting skill gained 2 levels and is now at level 13!
Your Invocations skill gained 2 levels and is now at level 16!
You hear a shout! x8
Unknown command.
You hear a shout! x3
A meat berserker comes into view. It is wielding a +9 battleaxe.
You hear a shout! x2
The bag of meat hits you with a +9 war axe!!
You hear a shout! x2
The bag of meat hits you with a +9 war axe!!
The bag of meat closely misses you.
The destroyer hits you with a +9 great sword of slicing!!!!!
Ouch! That really hurt!
You die...

.... . ......
.....##.##......
................
........#.#......
................#
..........o......
........O.oo.....
........V@oo.....
.......).oo.....O
..#...))).#......
#..O.)..# .....
.###.....))###....
......###)O.......
......._..).......
....#.....#.......
....#_.<._#.......


You could see a destroyer, a large bag of meat (inner flame), 3 meat berserkers
and 7 bags of meat.

Vanquished Creatures
  9 ogres (D)
  11 orcs (D)
20 creatures vanquished.

Notes
Turn   | Place    | Note
-------+----------+-------------------------------------------
     0 | D        | Found the +∞ Axe of Woe
     0 | D        | protoss039 the Ghoul Gladiator began the quest for the Orb.
     0 | D        | Reached XP level 1. HP: 17/17 MP: 0/0
     1 | D        | Noticed a bag of meat
     3 | D        | Became a worshipper of Makhleb the Destroyer
     5 | D        | Noticed a bag of meat
     6 | D        | Noticed a bag of meat
     6 | D        | Noticed a bag of meat
     7 | D        | Killed a bag of meat
     7 | D        | Reached XP level 2. HP: 40/40 MP: 1/1
     7 | D        | Reached XP level 3. HP: 47/47 MP: 2/2
     7 | D        | Reached XP level 4. HP: 55/55 MP: 3/3
     7 | D        | Reached XP level 5. HP: 61/61 MP: 4/4
     7 | D        | Reached XP level 6. HP: 68/68 MP: 5/5
     7 | D        | Reached XP level 7. HP: 74/74 MP: 6/6
     7 | D        | Reached XP level 8. HP: 82/82 MP: 7/7
     7 | D        | Reached XP level 9. HP: 89/89 MP: 8/8
     7 | D        | Reached XP level 10. HP: 96/96 MP: 9/9
     7 | D        | Reached XP level 11. HP: 102/102 MP: 10/10
     7 | D        | Reached XP level 12. HP: 110/110 MP: 11/11
     7 | D        | Noticed a meat berserker
     8 | D        | Noticed a meat berserker
     9 | D        | Killed a bag of meat
     9 | D        | Reached * piety under Makhleb
     9 | D        | Reached skill level 5 in Axes
     9 | D        | Reached skill level 10 in Throwing
     9 | D        | Reached XP level 13. HP: 105/119 MP: 12/12
     9 | D        | Killed a bag of meat
     9 | D        | Reached XP level 14. HP: 116/132 MP: 13/13
     9 | D        | Noticed a meat berserker
     9 | D        | Noticed a meat berserker
    10 | D        | Noticed a bag of meat
    11 | D        | Noticed a meat berserker
    13 | D        | Killed a meat berserker
    13 | D        | Reached XP level 15. HP: 55/144 MP: 14/14
    13 | D        | Killed a meat berserker
    13 | D        | Reached ** piety under Makhleb
    13 | D        | Reached skill level 27 in Unarmed Combat
    13 | D        | Reached XP level 16. HP: 59/155 MP: 15/15
    13 | D        | Killed a meat berserker
    13 | D        | Reached skill level 15 in Axes
    13 | D        | Reached skill level 15 in Throwing
    13 | D        | Reached skill level 5 in Armour
    13 | D        | Reached XP level 17. HP: 130/170 MP: 16/16
    13 | D        | Noticed a meat berserker
    13 | D        | Noticed a meat berserker
    14 | D        | Noticed a meat berserker
    15 | D        | Killed a meat berserker
    15 | D        | Reached *** piety under Makhleb
    15 | D        | Reached skill level 27 in Dodging
    15 | D        | Killed a meat berserker
    15 | D        | Reached XP level 18. HP: 190/190 MP: 17/17
    15 | D        | Noticed a meat berserker
    17 | D        | Killed a meat berserker
    17 | D        | Reached **** piety under Makhleb
    17 | D        | Reached XP level 19. HP: 167/206 MP: 18/18
    17 | D        | Killed a meat berserker
    17 | D        | Reached skill level 27 in Fighting
    17 | D        | Reached skill level 27 in Axes
    17 | D        | Noticed a large bag of meat
    17 | D        | Noticed a meat berserker
    18 | D        | Killed a meat berserker
    18 | D        | Reached XP level 20. HP: 216/216 MP: 19/19
    18 | D        | Reached skill level 27 in Throwing
    18 | D        | Killed a meat berserker
    18 | D        | Noticed a destroyer
    18 | D        | Noticed a meat berserker
    21 | D        | Reached ***** piety under Makhleb
    21 | D        | Reached skill level 27 in Armour
    21 | D        | Reached XP level 21. HP: 224/224 MP: 20/20
    21 | D        | Reached skill level 15 in Stealth
    22 | D        | Noticed a meat berserker
    22 | D        | Mangled by a destroyer

Vault maps used:
D:        meatsprint

Skill      XL: |  1  2  3  4  5  6  7  8  9 10 11 12 13 14 15 16 17 18 19 20 21 |
---------------+----------------------------------------------------------------+-----
Fighting       | 11 12 14 16 17 19 24 26 27 | 27.0
Axes           | 3 5 7 9 12 15 21 25 27 | 27.0
Throwing       | 9 10 11 12 13 15 18 20 26 27 | 27.0
Dodging        | 16 18 19 21 23 26 27 | 27.0
Unarmed Combat | 19 21 23 25 27 | 27.0
Armour         | 2 3 5 7 9 13 27 | 27.0
Stealth        | 17 | 17.8
Spellcasting   | 13 | 13.0
Invocations    | 16 | 16.3

Action                   |  1- 3 |  4- 6 |  7- 9 | 10-12 | 13-15 | 16-18 | 19-21 || total
-------------------------+-------+-------+-------+-------+-------+-------+-------++-------
Melee: Executioner's axe |     1 |       |       |     1 |     1 |     2 |     2 ||     7
Dodge: Dodged            |       |       |       |       |     1 |     2 |     1 ||     4

Table legend:
 A = Spawn XP
 B = Non-spawn XP
 C = Spawn XP percentage of total XP
 D = Spawn monster count
 E = Non-spawn monster count
 F = Spawn count percentage of total count
 G = Total turns spent on level
                    A         B        C        D         E        F      G
               +---------+---------+-------+---------+---------+-------+---------
         Total |       0 |  550520 |   0.0 |       0 |      20 |   0.0 |    22
               +---------+---------+-------+---------+---------+-------+---------
             D |       0 |  550520 |   0.0 |       0 |      20 |   0.0 |    22
               +---------+---------+-------+---------+---------+-------+---------
